 Dungeon Crawl Stone Soup version 0.31.0-11-ge490571c62 (webtiles) character file.

Game seed: 6459816677033784637

459 qw the Shooter (level 6, 0/30 HPs)
             Began as a Spriggan Hunter on Feb 3, 2024.
             Slain by an orc
             ... wielding a +0 falchion
              (7 damage)
             ... on level 4 of the Dungeon.
             The game lasted 00:00:09 (2311 turns).

qw the Shooter (Spriggan Hunter)                    Turns: 2311, Time: 00:00:10

Health: 0/30       AC:  2    Str:  7    XL:     6   Next: 78%
Magic:  7/7        EV: 21    Int: 11    God:
Gold:   157        SH:  0    Dex: 20    Spells: 5/5 levels left

rFire   . . .        e - +2 arbalest (drain)
rCold   . . .        (shield currently unavailable)
rNeg    . . .        c - +0 robe
rPois   .            (helmet restricted)
rElec   .            (no cloak)
rCorr   .            (gloves unavailable)
SInv    +            (boots unavailable)
Will    +....        (no amulet)
Stlth   ++           (no ring)
HPRegen 0.25/turn    (no ring)
MPRegen 0.10/turn

%: no passive effects
@: very quick
A: very small, no large weapons, unfitting armour, see invisible, speed 3
a: no special abilities


You were on level 4 of the Dungeon.
You visited 1 branch of the dungeon, and saw 4 of its levels.

You collected 157 gold pieces.


Innate Abilities, Weirdness & Mutations

You are very small and have problems with some larger weapons.
You are too small for most types of armour.
You have supernaturally acute eyesight. (SInv)
You cover ground extremely quickly. (Speed+++)


   Skills:
 - Level 2.3 Fighting
 + Level 6.7 Ranged Weapons
 - Level 6.0 Dodging
 - Level 1.5 Stealth


You had 5 spell levels left.
You didn't know any spells.
Your spell library was empty.

Inventory:

Hand Weapons
 e - a +2 arbalest of draining (weapon)
Armour
 c - a +0 robe (worn)
Potions
 f - a potion of curing
 g - a potion of brilliance {unknown}
 h - a potion of resistance {unknown}
 j - a potion of invisibility {unknown}

Dungeon Overview and Level Annotations

Branches:
Dungeon (4/15)
 Temple: D:4-7

Altars:
Hepliaklqana
Kikubaaqudgha
Qazlal

Shops:
D:3 :


Message History

The orc shouts!
The black bear closely misses you. The black bear claws you.
The black bear claws you but does no damage.
The endoplasm completely misses you.
You shoot a bolt. The bolt barely misses the black bear.
The bolt closely misses the orc.
The bolt hits the orc!
You kill the orc!
The endoplasm freezes you.
You are frozen.
The black bear misses you. The black bear barely misses you.
The black bear completely misses you.
An orc comes into view. It is wielding a +0 falchion.
The endoplasm closely misses you. The black bear barely misses you.
The black bear misses you.
The black bear claws you but does no damage.
You shoot a bolt. The orc shouts!
The bolt hits the black bear!!
You kill the black bear!
The endoplasm jiggles.
The endoplasm misses you.
You shoot a bolt. The bolt hits the endoplasm!
You kill the endoplasm!
The orc completely misses you.
An orc priest comes into view. It is wielding a +0 club.
The orc completely misses you. x2
You shoot a bolt. The bolt closely misses the orc.
The orc hits you with a +0 falchion. The orc barely misses you. x2
You shoot a bolt. The bolt barely misses the orc priest.
The orc hits you with a +0 dagger.
The orc priest calls down the wrath of Beogh upon you.
You resist with significant effort. The orc completely misses you.
You shoot a bolt. The bolt hits the orc priest!
The orc priest is severely wounded.
The orc priest casts a cantrip, but nothing happens.
The orc closely misses you. The orc hits you with a +0 falchion.
The orc completely misses you. x2; The orc priest closely misses you.
You shoot a bolt. The bolt hits the orc priest!
You kill the orc priest!
The orc hits you with a +0 dagger. The orc hits you with a +0 falchion!
You die...

####.# ####^#
+....###### .....#
#.........# ....##
#.........# ....#
#.........# >...#
#.........# ...##
#.........#
...##....#.....%.o.#.#
...##....#.# #@).).#
#####....#.# #o##..#
#....#.# #.# #
###....#.#####.#
#......#.......#
#.#....#.#######
###.........#
.#..##.##...#
.#.##...##..#


You could see 2 orcs.

Vanquished Creatures
  A black bear (D:4)
  2 centaurs (D:4)
  An orc priest (D:4)
  A hound (D:4)
  An orc wizard (D:3)
  Robin (D:2)
  5 adders
  4 dart slugs
  2 ribbon worms (D:3)
  An orc (D:4)
  8 ball pythons
  7 bats
  6 endoplasms
  4 giant cockroaches
  14 goblins
  11 hobgoblins
  5 kobolds
  5 quokkas
  A frilled lizard (D:1)
  4 rats
84 creatures vanquished.

Vanquished Creatures (others)
  A human (D:3)
1 creature vanquished.

Grand Total: 85 creatures vanquished

Notes
Turn   | Place    | Note
-------+----------+-------------------------------------------
     0 | D:1      | qw the Spriggan Hunter began the quest for the Orb.
     0 | D:1      | Reached XP level 1. HP: 10/10 MP: 2/2
     0 | D:1      | 0 ||| qw: Version: 0.3-a-157-g843a77d
     0 | D:1      | 0 ||| qw: Game counter: 3650
     0 | D:1      | 0 ||| qw: Melee chars always use a shield: true
     0 | D:1      | 0 ||| qw: God list: Okawaru
     0 | D:1      | 0 ||| qw: Allow faded altars: false
     0 | D:1      | 0 ||| qw: Do Orc after clearing Dungeon:15 true
     0 | D:1      | 0 ||| qw: Do second Lair branch before Depths: true
     0 | D:1      | 0 ||| qw: Lair rune preference: random
     0 | D:1      | 0 ||| qw: Goals: Normal
     0 | D:1      | 0 ||| PLANNING D:1-11
    19 | D:1      | Reached skill level 3 in Dodging
   143 | D:1      | Reached XP level 2. HP: 13/14 MP: 3/3
   255 | D:1      | Reached XP level 3. HP: 18/18 MP: 4/4
   481 | D:1      | 481 ||| READING scroll labelled FIULAO ETWOZ.
   482 | D:1      | 482 ||| DRINKING 2 clear potions.
   483 | D:1      | 483 ||| DRINKING 2 coppery potions.
   484 | D:1      | 484 ||| DROPPING scroll of butterflies.
   486 | D:1      | 486 ||| Stepping ~*~*~tactically~*~*~ (cloud).
   651 | D:2      | 651 ||| SWAPPING to +0 arbalest.
   653 | D:2      | 653 ||| DROPPING +0 shortbow.
   742 | D:2      | Noticed Robin
   748 | D:2      | Killed Robin
   750 | D:2      | Reached XP level 4. HP: 22/22 MP: 5/5
   883 | D:2      | 883 ||| FLEEEEING.
   884 | D:2      | 884 ||| FLEEEEING.
   885 | D:2      | 885 ||| FLEEEEING.
   886 | D:2      | 886 ||| FLEEEEING.
   887 | D:2      | 887 ||| FLEEEEING.
   888 | D:2      | 888 ||| FLEEEEING.
  1305 | D:2      | 1305 ||| DROPPING scarf of harm.
  1306 | D:2      | 1306 ||| READING scroll labelled AKHIGA WARAU.
  1306 | D:2      | 1306 ||| BRANDING +0 arbalest.
  1307 | D:2      | 1307 ||| READING scroll labelled JIMAXT GONIANI.
  1444 | D:3      | Found Dode's Book Boutique.
  1630 | D:3      | Found an ancient bone altar of Kikubaaqudgha.
  1645 | D:3      | Noticed a human
  1649 | D:3      | Killed a human
  1750 | D:3      | Found a stormy altar of Qazlal.
  1939 | D:3      | Reached XP level 5. HP: 26/26 MP: 6/6
  1940 | D:3      | Found a hazy altar of Hepliaklqana.
  1942 | D:3      | Found a faded altar of an unknown god.
  2061 | D:3      | 2061 ||| READING scroll labelled WIDEFE QETI.
  2061 | D:3      | 2061 ||| IDENTIFYING amethyst potion
  2062 | D:3      | 2062 ||| READING 2 scrolls labelled DEOQUHU ALEBB.
  2062 | D:3      | 2062 ||| ENCHANTING +0 arbalest of draining.
  2063 | D:3      | 2063 ||| READING scroll of enchant weapon.
  2063 | D:3      | 2063 ||| ENCHANTING +1 arbalest of draining.
  2064 | D:3      | 2064 ||| DROPPING potion of attraction.
  2160 | D:4      | Noticed a centaur
  2160 | D:4      | Noticed a centaur
  2161 | D:4      | 2161 ||| DRINKING potion of haste.
  2163 | D:4      | Killed a centaur
  2164 | D:4      | Reached skill level 6 in Ranged Weapons
  2164 | D:4      | Reached XP level 6. HP: 16/30 MP: 7/7
  2164 | D:4      | HP: 6/30 [centaur/arrow (10)]
  2303 | D:4      | Reached skill level 6 in Dodging
  2311 | D:4      | HP: 7/30 [orc/+0 dagger (2)]
  2311 | D:4      | Slain by an orc

Levels and vault maps discovered:
D:1:      lemuel_arrival_hallway, layout_basic, minmay_tromino_v4_b
D:2:      layout_loops_ring, uniq_robin
D:3:      layout_rooms, nicolae_qazlal_eye_of_the_storm, tgw_kikubaaqudgha,
          beargit_hepliaklqana_dungeon_heroes, serial_co_window_serial,
          co_window_paths_b, co_window_corner_a, co_window_paths_b,
          co_window_corner_a, co_window_paths_a, co_window_broadway_c,
          co_window_broadway_b, co_window_paths_c, co_window_broadway_b,
          co_window_paths_c, co_window_paths_c, glass_columns_a,
          glass_columns_a, glass_columns_a, glass_columns_c, glass_columns_c,
          serial_shops, shop
D:4:      layout_basic, minmay_manual_mares

Skill      XL: |  1  2  3  4  5  6 |
---------------+-------------------+-----
Dodging        | 3 4 5 6 |  6.0
Ranged Weapons | 5 6 |  6.7
Fighting       | 2 |  2.3
Stealth        | |  1.5

Action                     |  1- 3 |  4- 6 || total
---------------------------+-------+-------++-------
   Fire: Shortbow          |    67 |       ||    67
         Arbalest          |    14 |    89 ||   103
    Use: Potion            |     2 |     1 ||     3
         Scroll            |     1 |     5 ||     6
 Armour: Robe              |    13 |    25 ||    38
  Dodge: Dodged            |    32 |    58 ||    90

Table legend:
 A = Non-vault XP
 B = Vault XP
 C = Vault XP percentage of total XP
 D = Non-vault monster count
 E = Vault monster count
 F = Vault count percentage of total count
                 A         B        C        D         E       F
            +---------+---------+-------+---------+---------+-------
      Total |     401 |     298 |  42.6 |      69 |      15 |  17.9
            +---------+---------+-------+---------+---------+-------
        D:1 |      49 |       1 |   2.0 |      26 |       1 |   3.7
        D:2 |      72 |      35 |  32.7 |      20 |      11 |  35.5
        D:3 |      21 |      35 |  62.5 |       9 |       1 |  10.0
        D:4 |     259 |     227 |  46.7 |      14 |       2 |  12.5
            +---------+---------+-------+---------+---------+-------
